PAAA
JERSEY CITY TRITONS @ NAPERVILLE BATTLEKINGS
05/10/2029
 
TOP OF THE 1ST
Jersey City Tritons batting - Pitching for Naperville Battlekings : RHP Alberto Mendoza
Pitching: RHP Alberto Mendoza
Batting: RHB Colt Cabana 0-0: Ball
1-0: Ball
2-0: Ball
3-0: Base on Balls
Batting: LHB Ty Tomblin 0-0: Called Strike
0-1: Ball
1-1: Ball
2-1: Ball
3-1: Fly out, F8 (Line Drive, 8RD)
Batting: SHB Ludovic Michel 0-0: Ball
1-0: DOUBLE (Line Drive, 9LM)
Colt Cabana to third
Batting: SHB Eustacio Tafalla 0-0: Ball
1-0: Reached on error, E6 (Groundball, 6)
Colt Cabana scores
Ludovic Michel to third
Batting: RHB Ethan Miller 0-0: Ball
1-0: Grounds into double play, 6-4-3 (Groundball, 6)
Top of the 1st over - 1 run, 1 hit, 1 error, 1 left on base; Jersey City 1 - Naperville 0
BOTTOM OF THE 1ST
Naperville Battlekings batting - Pitching for Jersey City Tritons : RHP Greg Rook
Pitching: RHP Greg Rook
Batting: RHB Bill Rinck 0-0: Called Strike
0-1: Ball
1-1: Ball
2-1: SINGLE (Line Drive, 7LS)
Batting: LHB Ferris Minor 0-0: Ball
1-0: Foul Ball, location: 2F
1-1: Foul Ball, location: 2F
1-2: Ball
2-2: Foul Ball, location: 2F
2-2: Strikes out swinging
Batting: RHB Jay Hood 0-0: Called Strike
0-1: Ball
1-1: Called Strike
1-2: Hit by Pitch
Bill Rinck to second
Batting: LHB Roberto Veliz 0-0: Ball
1-0: Called Strike
Bill Rinck steals 3rd base
Jay Hood to second
1-1: Foul Ball, location: 2F
1-2: Foul Ball, location: 2F
1-2: Ball
2-2: Foul Ball, location: 2F
2-2: Ground out 6-3 (Groundball, 6)
Bill Rinck scores
Jay Hood to third
Batting: RHB Jorge Baker 0-0: Ball
1-0: Ball
2-0: Called Strike
2-1: Called Strike
2-2: SINGLE (Flyball, 78S)
Jay Hood scores
Batting: RHB Hirohisa Ogasawara 0-0: Called Strike
0-1: Ball
1-1: Ball
2-1: Foul Ball, location: 2F
2-2: SINGLE (Line Drive, 3)
Jorge Baker to second
Runner from 2nd tries for 3rd, SAFE, throw made at trailing runner, OUT!
Bottom of the 1st over - 2 runs, 3 hits, 0 errors, 1 left on base; Jersey City 1 - Naperville 2
TOP OF THE 2ND
Jersey City Tritons batting - Pitching for Naperville Battlekings : RHP Alberto Mendoza
Batting: LHB Miguel Gazivoda 0-0: Ball
1-0: SINGLE (Line Drive, 89S)
Batting: RHB Mike Strickland 0-0: Ball
1-0: Called Strike
1-1: Ball
2-1: Foul Ball, location: 2F
2-2: Fly out, F7 (Line Drive, 7S)
Batting: RHB Chris Costa 0-0: Ball
1-0: Foul Ball, location: 2F
1-1: Ball
2-1: Called Strike
2-2: SINGLE (Groundball, 56D)
Miguel Gazivoda to second
Batting: RHB Rudko Hrnjak 0-0: Ball
1-0: Ball
2-0: Fielders Choice at 2nd, 5-4 (Groundball, 56)
Miguel Gazivoda to third
Batting: RHB Colt Cabana 0-0: Ball
1-0: Called Strike
1-1: Ball
2-1: Ball
3-1: Called Strike
3-2: Fly out, F4 (Flyball, 34D)
Top of the 2nd over - 0 runs, 2 hits, 0 errors, 2 left on base; Jersey City 1 - Naperville 2
BOTTOM OF THE 2ND
Naperville Battlekings batting - Pitching for Jersey City Tritons : RHP Greg Rook
Batting: RHB Fernando Martínez 0-0: Called Strike
0-1: Foul Ball, location: 2F
0-2: Ball
1-2: SINGLE (Groundball, 34D)
Batting: LHB Rubén Aracil 0-0: Reached on error, E1 (Groundball, P)
Fernando Martínez to second
Batting: RHB Matt Love 0-0: Foul Ball, location: 2F
0-1: Ball
1-1: Ball
2-1: Called Strike
2-2: Ball
3-2: SINGLE (Groundball, 6M) (infield hit)
Fernando Martínez to third
Rubén Aracil to second
Batting: RHB Bill Rinck 0-0: Fly out, F8 (Flyball, 8RS)
Runner from 3rd tags up, SCORES, no throw
Batting: LHB Ferris Minor 0-0: Called Strike
0-1: Foul Ball, location: 2F
0-2: Ball
1-2: Fly out, F9 (Flyball, 89M)
Batting: RHB Jay Hood 0-0: Called Strike
0-1: Fly out, F8 (Flyball, 8LD)
Bottom of the 2nd over - 1 run, 2 hits, 1 error, 2 left on base; Jersey City 1 - Naperville 3
TOP OF THE 3RD
Jersey City Tritons batting - Pitching for Naperville Battlekings : RHP Alberto Mendoza
Batting: LHB Ty Tomblin 0-0: Fly out, F8 (Flyball, 8LD)
Batting: SHB Ludovic Michel 0-0: Ball
1-0: Ball
2-0: Fly out, F6 (Line Drive, 6)
Batting: SHB Eustacio Tafalla 0-0: Ball
1-0: Called Strike
1-1: Ground out 3-1 (Groundball, 34S)
Top of the 3rd over - 0 runs, 0 hits, 0 errors, 0 left on base; Jersey City 1 - Naperville 3
BOTTOM OF THE 3RD
Naperville Battlekings batting - Pitching for Jersey City Tritons : RHP Greg Rook
Batting: LHB Roberto Veliz 0-0: Ball
1-0: Called Strike
1-1: Ball
2-1: Fly out, F5 (Popup, 5F)
Batting: RHB Jorge Baker 0-0: Ball
1-0: Foul Ball, location: 2F
1-1: Ball
2-1: Foul Ball, location: 2F
2-2: Ball
3-2: Foul Ball, location: 2F
3-2: Base on Balls
Batting: RHB Hirohisa Ogasawara 0-0: Ball
1-0: SINGLE (Groundball, 4M) (infield hit)
Jorge Baker to second
Batting: RHB Fernando Martínez 0-0: Called Strike
0-1: Ball
Wild Pitch!
Jorge Baker to third
Hirohisa Ogasawara to second
1-1: Ball
2-1: Ball
3-1: Ground out 5-3 (Groundball, 56S)
Jorge Baker scores
Hirohisa Ogasawara to third
Batting: LHB Rubén Aracil 0-0: Called Strike
0-1: Ball
1-1: SINGLE (Groundball, 56D)
Hirohisa Ogasawara scores
Batting: RHB Matt Love 0-0: Called Strike
0-1: Ball
1-1: Ball
2-1: Swinging Strike
2-2: Strikes out looking
Bottom of the 3rd over - 2 runs, 2 hits, 0 errors, 1 left on base; Jersey City 1 - Naperville 5
TOP OF THE 4TH
Jersey City Tritons batting - Pitching for Naperville Battlekings : RHP Alberto Mendoza
Batting: RHB Ethan Miller 0-0: Ball
1-0: Foul Ball, location: 2F
1-1: SINGLE (Flyball, 7LS)
Batting: LHB Miguel Gazivoda 0-0: Ball
1-0: Ball
2-0: Fly out, F7 (Flyball, 7)
Batting: RHB Mike Strickland 0-0: Ball
1-0: Swinging Strike
1-1: Ball
2-1: Foul Ball, location: 2F
2-2: Strikes out swinging
Batting: RHB Chris Costa 0-0: Ball
1-0: Called Strike
1-1: Ball
2-1: Fly out, F9 (Flyball, 9S)
Top of the 4th over - 0 runs, 1 hit, 0 errors, 1 left on base; Jersey City 1 - Naperville 5
BOTTOM OF THE 4TH
Naperville Battlekings batting - Pitching for Jersey City Tritons : RHP Greg Rook
Batting: RHB Bill Rinck 0-0: Ball
1-0: Ball
2-0: Ball
3-0: Base on Balls
Batting: LHB Ferris Minor 0-0: SINGLE (Flyball, 8RS)
Bill Rinck to second
Batting: RHB Jay Hood 0-0: SINGLE (Line Drive, 56D)
Bill Rinck to third
Ferris Minor to second
Runner from 3rd tries for Home, SAFE, throw made home
Pitching: RHP Godfrey Verbiest
Batting: LHB Roberto Veliz 0-0: Ball
1-0: Grounds into double play, 6-4-3 (Groundball, 6M)
Ferris Minor to third
Batting: RHB Jorge Baker 0-0: Ball
1-0: Ball
2-0: Ball
3-0: Base on Balls
Batting: RHB Hirohisa Ogasawara 0-0: Called Strike
0-1: Fly out, F9 (Flyball, 9)
Bottom of the 4th over - 1 run, 2 hits, 0 errors, 2 left on base; Jersey City 1 - Naperville 6
TOP OF THE 5TH
Jersey City Tritons batting - Pitching for Naperville Battlekings : RHP Alberto Mendoza
Batting: RHB Rudko Hrnjak 0-0: Ball
1-0: Ground out 1-3 (Groundball, P)
Batting: RHB Colt Cabana 0-0: Foul Ball, location: 2F
0-1: Foul Ball, location: 2F
0-2: Ball
1-2: Ground out 4-3 (Groundball, 4)
Batting: LHB Ty Tomblin 0-0: Called Strike
0-1: Foul Ball, location: 2F
0-2: Strikes out swinging
Top of the 5th over - 0 runs, 0 hits, 0 errors, 0 left on base; Jersey City 1 - Naperville 6
BOTTOM OF THE 5TH
Naperville Battlekings batting - Pitching for Jersey City Tritons : RHP Godfrey Verbiest
Batting: RHB Fernando Martínez 0-0: Ball
1-0: Ball
2-0: Foul Ball, location: 2F
2-1: Ground out 6-3 (Groundball, 6)
Batting: LHB Rubén Aracil 0-0: Foul Ball, location: 2F
0-1: Ball
1-1: Ball
2-1: Ground out 3-1 (Groundball, 34)
Batting: RHB Matt Love 0-0: Ball
1-0: Foul Ball, location: 2F
1-1: Ball
2-1: SINGLE (Groundball, 6MD)
Batting: RHB Bill Rinck 0-0: Ball
1-0: Called Strike
1-1: Ball
2-1: Ball
3-1: Called Strike
3-2: Strikes out swinging
Bottom of the 5th over - 0 runs, 1 hit, 0 errors, 1 left on base; Jersey City 1 - Naperville 6
TOP OF THE 6TH
Jersey City Tritons batting - Pitching for Naperville Battlekings : RHP Alberto Mendoza
Batting: SHB Ludovic Michel 0-0: Swinging Strike
0-1: Called Strike
0-2: Ball
1-2: Foul Ball, location: 2F
1-2: Ball
2-2: Foul Ball, location: 2F
2-2: Strikes out swinging, 2-3 out at first.
Batting: SHB Eustacio Tafalla 0-0: Ground out U3 (Groundball, 34)
Batting: RHB Ethan Miller 0-0: Ball
1-0: Fly out, F7 (Line Drive, 78S)
Top of the 6th over - 0 runs, 0 hits, 0 errors, 0 left on base; Jersey City 1 - Naperville 6
BOTTOM OF THE 6TH
Naperville Battlekings batting - Pitching for Jersey City Tritons : RHP Godfrey Verbiest
Batting: LHB Ferris Minor 0-0: Swinging Strike
0-1: Called Strike
0-2: Strikes out swinging
Batting: RHB Jay Hood 0-0: Ball
1-0: Ball
2-0: Called Strike
2-1: Swinging Strike
2-2: Ball
3-2: Ground out 3-1 (Groundball, 34S)
Batting: LHB Roberto Veliz 0-0: Ball
1-0: Fly out, F7 (Flyball, 7S)
Bottom of the 6th over - 0 runs, 0 hits, 0 errors, 0 left on base; Jersey City 1 - Naperville 6
TOP OF THE 7TH
Jersey City Tritons batting - Pitching for Naperville Battlekings : RHP Alberto Mendoza
Batting: LHB Miguel Gazivoda 0-0: Ground out U3 (Groundball, 3)
Batting: RHB Mike Strickland 0-0: Foul Ball, location: 2F
0-1: Swinging Strike
0-2: Foul Ball, location: 2F
0-2: Ball
1-2: Foul Ball, location: 2F
1-2: Ball
2-2: Ball
3-2: Ground out 1-3 (Groundball, P)
Batting: RHB Chris Costa 0-0: Called Strike
0-1: Called Strike
0-2: Ball
1-2: Strikes out looking
Top of the 7th over - 0 runs, 0 hits, 0 errors, 0 left on base; Jersey City 1 - Naperville 6
BOTTOM OF THE 7TH
Naperville Battlekings batting - Pitching for Jersey City Tritons : RHP Godfrey Verbiest
Batting: RHB Jorge Baker 0-0: Ball
1-0: Foul Ball, location: 2F
1-1: Called Strike
1-2: Ball
2-2: Foul Ball, location: 2F
2-2: Foul Ball, location: 2F
2-2: Ball
3-2: SOLO HOME RUN (Line Drive, 7LD), Distance : 351 ft
Batting: RHB Hirohisa Ogasawara 0-0: Ball
1-0: Ball
2-0: Called Strike
2-1: Foul Ball, location: 2F
2-2: Foul Ball, location: 2F
2-2: Foul Ball, location: 2F
2-2: Foul Ball, location: 2F
2-2: Strikes out looking
Batting: RHB Fernando Martínez 0-0: Ball
1-0: Ball
2-0: Called Strike
2-1: Called Strike
2-2: Foul Ball, location: 2F
2-2: Ball
3-2: Foul Ball, location: 2F
3-2: Foul Ball, location: 2F
3-2: Base on Balls
Pitching: RHP Jesús Colón
Batting: LHB Rubén Aracil 0-0: Ball
Fernando Martínez steals 2nd base
1-0: Called Strike
1-1: Ground out 3-1 (Groundball, 34S)
Fernando Martínez to third
Batting: RHB Matt Love 0-0: Ball
1-0: Fly out, F8 (Line Drive, 8LS)
Bottom of the 7th over - 1 run, 1 hit, 0 errors, 1 left on base; Jersey City 1 - Naperville 7
TOP OF THE 8TH
Jersey City Tritons batting - Pitching for Naperville Battlekings : RHP Alberto Mendoza
Batting: RHB Rudko Hrnjak 0-0: Ball
1-0: Fly out, F7 (Flyball, 78D)
Batting: RHB Colt Cabana 0-0: Foul Ball, location: 2F
0-1: Ball
1-1: Called Strike
1-2: Foul Ball, location: 2F
1-2: Ball
2-2: Strikes out swinging
Batting: LHB Ty Tomblin 0-0: Ball
1-0: Foul Ball, location: 2F
1-1: Fly out, F8 (Line Drive, 8RM)
Top of the 8th over - 0 runs, 0 hits, 0 errors, 0 left on base; Jersey City 1 - Naperville 7
BOTTOM OF THE 8TH
Naperville Battlekings batting - Pitching for Jersey City Tritons : RHP Jesús Colón
Batting: RHB Bill Rinck 0-0: Ball
1-0: Ball
2-0: Ball
3-0: Base on Balls
Batting: LHB Ferris Minor 0-0: Ball
Wild Pitch!
Bill Rinck to second
1-0: Called Strike
1-1: Foul Ball, location: 2F
1-2: Strikes out swinging
Batting: RHB Jay Hood 0-0: Called Strike
0-1: Ball
1-1: Fly out, F7 (Line Drive, 7)
Batting: LHB Roberto Veliz 0-0: Ball
1-0: Reached via error on a dropped throw, E1
Bill Rinck to third
Batting: RHB Jorge Baker 0-0: Ball
1-0: Foul Ball, location: 2F
1-1: Ball
Roberto Veliz steals 2nd base
2-1: Foul Ball, location: 2F
2-2: Ball
3-2: SINGLE (Groundball, 6MD)
Bill Rinck scores
Roberto Veliz to third
Roberto Veliz scores
Batting: RHB Hirohisa Ogasawara 0-0: Fly out, F3 (Popup, 3F)
Bottom of the 8th over - 2 runs, 1 hit, 1 error, 1 left on base; Jersey City 1 - Naperville 9
TOP OF THE 9TH
Jersey City Tritons batting - Pitching for Naperville Battlekings : RHP Alberto Mendoza
Batting: SHB Ludovic Michel 0-0: Ball
1-0: Ball
2-0: Ball
3-0: Called Strike
3-1: Fly out, F7 (Flyball, 78S)
Batting: SHB Eustacio Tafalla 0-0: Ball
1-0: Foul Ball, location: 2F
1-1: Ball
2-1: SINGLE (Groundball, 56) (infield hit)
Batting: RHB Ethan Miller 0-0: Called Strike
0-1: Ball
1-1: Ball
2-1: Ball
3-1: Fly out, F7 (Line Drive, 7D)
Batting: LHB Miguel Gazivoda 0-0: Fly out, F9 (Flyball, 9LMF)
Top of the 9th over - 0 runs, 1 hit, 0 errors, 1 left on base; Jersey City 1 - Naperville 9
Tuesday, December 19th, 2017 - OOTP Baseball 18.8 Build 76